 Dungeon Crawl Stone Soup version 0.18-a0-1497-g788d838 (webtiles) character file.

26561 Karasique the Fighter (level 12, -3/110 HPs)
             Began as a Yellow Draconian Wanderer on Mar 3, 2016.
             Was a High Priest of Okawaru.
             Slain by an eight-headed hydra (13 damage)
             ... on level 4 of the Lair of Beasts on Mar 4, 2016.
             The game lasted 00:50:18 (20038 turns).

Karasique the Fighter (Yellow Draconian Wanderer)  Turns: 20038, Time: 00:50:18

Health: -3/110     AC: 14    Str: 18    XL:     12   Next: 99%
Magic:  16/16      EV: 20    Int: 11    God:    Okawaru [*****.]
Gold:   559        SH:  8    Dex: 15    Spells: 3 memorised, 4 levels left

rFire  . . .     SeeInvis .     q - +7 rapier "Ultimatum" {flame, *Drain rPois Str+3 Stlth+}
rCold  + . .     Gourm    .     (armour unavailable)
rNeg   . . .     Faith    .     C - +1 shield {AC+3}
rPois  +         Spirit   .     u - +0 hat
rElec  .         Dismiss  .     g - +1 cloak
rCorr  +         Reflect  .     (no gloves)
SustAt .         Harm     .     V - +0 pair of boots
MR     .....                    t - amulet of magic regeneration
Stlth  +++.......               Q - +5 ring of evasion
                                N - ring of protection from cold

@: short of breath, not resistant to hostile enchantments, fairly stealthy
A: spit acid, acid resistance, unfitting armour, dopey 1, cold-blooded, AC +8
a: Spit Acid, Heroism, Finesse, Renounce Religion


You were on level 4 of the Lair of Beasts.
You worshipped Okawaru.
Okawaru was extremely pleased with you.
You were hungry.

You visited 2 branches of the dungeon, and saw 16 of its levels.
You also visited: Sewer.

You collected 769 gold pieces.
You spent 210 gold pieces at shops.

Inventory:

Hand Weapons
 q - the +7 rapier "Ultimatum" (weapon) {flame, *Drain rPois Str+3 Stlth+}
   (Okawaru gifted it to you on level 4 of the Lair of Beasts)

   It has been specially enchanted to burn those struck by it, causing extra
   injury to most foes and up to half again as much damage against particularly
   susceptible opponents.
   It affects your strength (+3).
   It protects you from poison.
   It causes draining when unequipped.
   It makes you more stealthy.
 w - a +2 hand crossbow
 Y - the +10 dagger "Tehusyuz" {pierce, Dex+2 Stlth+}
   (You bought it in a shop on level 6 of the Dungeon)

   It inflicts extra damage upon your enemies.
   It affects your dexterity (+2).
   It makes you more stealthy.
Missiles
 b - 69 bolts
 A - 19 bolts of frost
 I - a throwing net (quivered)
 T - 23 poisoned bolts
 U - 37 bolts of flame
Armour
 g - a +1 cloak (worn)
 u - a +0 hat (worn)
 C - a +1 shield of protection (worn)
 V - a +0 pair of boots (worn)
Jewellery
 t - an amulet of magic regeneration (around neck)
 N - a ring of protection from cold (left hand)
 Q - a +5 ring of evasion (right hand)
Wands
 c - a wand of heal wounds (5/9)
 k - a wand of lightning (5/15)
 y - a wand of iceblast (6/15)
 D - a wand of paralysis (4/24)
 F - a wand of digging (20/24)
 G - a wand of acid (10/15)
 K - a wand of lightning (8/15)
 S - a wand of flame (4/48)
 X - a wand of confusion (8/48)
Scrolls
 a - 7 scrolls of enchant armour
 e - 4 scrolls of remove curse
 i - 2 scrolls of recharging
 o - 7 scrolls of blinking
 r - a scroll of fog
 O - a scroll of amnesia
 P - a scroll of identify
 R - 2 scrolls of fear {unknown}
 Z - a scroll of silence {unknown}
Potions
 d - 3 potions of lignification
 j - 3 potions of brilliance
 l - 2 potions of cancellation
 n - 2 potions of might
 p - 9 potions of curing
 s - a potion of flight {unknown}
 x - 4 potions of magic
 z - 4 potions of heal wounds
 B - 2 potions of haste
 J - 2 potions of agility
 M - a potion of berserk rage {unknown}
Books
 h - a book of Hinderance

   Spells                             Type                      Level
   a - Confusing Touch                Hexes                        2
   b - Confuse                        Hexes                        3
   c - Gell's Gravitas                Hexes/Translocation          3
   d - Petrify                        Transmutation/Earth          4
   e - Metabolic Englaciation         Hexes/Ice                    5
   f - Yara's Violent Unravelling     Hexes/Transmutation          5
 E - a book of the Earth

   Spells                             Type                      Level
   a - Leda's Liquefaction            Hexes/Earth                  4
   b - Bolt of Magma                  Conjuration/Fire/Earth       5
   c - Statue Form                    Transmutation/Earth          6
   d - Iron Shot                      Conjuration/Earth            6
   e - Shatter                        Earth                        9
 L - a book of Battle

   Spells                             Type                      Level
   a - Infusion                       Charms                       1
   b - Shroud of Golubria             Charms/Translocation         2
   c - Song of Slaying                Charms                       2
   d - Spectral Weapon                Hexes/Charms                 3
   e - Regeneration                   Charms/Necromancy            3
Comestibles
 f - 12 bread rations
 m - 11 beef jerkies
 v - a meat ration
 H - 6 fruits
 W - 4 chunks of flesh


   Skills:
 + Level 11.4 Fighting
 - Level 8.0 Short Blades
   Level 1.0 Maces & Flails
 + Level 10.1 Crossbows
 - Level 1.0 Throwing
 + Level 10.0 Dodging
 - Level 1.0 Stealth
 - Level 5.2 Charms
 - Level 3.0 Necromancy
 - Level 5.1 Translocations
 + Level 6.5 Invocations


You had 4 spell levels left.
You knew the following spells:

 Your Spells              Type           Power        Failure   Level  Hunger
a - Song of Slaying       Chrm           ##......     50%         2    ###....
b - Shroud of Golubria    Chrm/Tloc      ##........   50%         2    ###....
c - Regeneration          Chrm/Necr      #.........   97%         3    ####...


Dungeon Overview and Level Annotations

Branches:
Dungeon (12/15)            Temple (0/1) D:6            Lair (4/8) D:10
  Swamp (0/4) Lair:4          Orc (0/2) D:11
  Snake: Lair:3-6    Spider: Lair:3-6

Altars:
Cheibriados
Dithmenos
Elyvilon
Gozag
Kikubaaqudgha
Makhleb
Nemelex Xobeh
Okawaru
Pakellas
Ru
Vehumet
Xom
Zin

Shops:
D:4 *   D:6 ((   D:7 [   D:12 (


Innate Abilities, Weirdness & Mutations

You can spit globs of acid.
You are resistant to acid.
Your golden yellow scales are hard (AC +8).
Your body does not fit into most forms of armour.
You are cold-blooded and may be slowed by cold attacks.
You are dopey. (Int -2)


Message History

Okay, then.
Press: ? - help, Shift-Dir - straight line, f/p - eight-headed hydra
Aim: an eight-headed hydra (severely wounded)
You spit a glob of acid.
The acid hits the eight-headed hydra.
The eight-headed hydra is almost dead.
You are feeling hungry.
You block the eight-headed hydra's attack.
The eight-headed hydra bites you but does no damage.
The eight-headed hydra bites you!
The eight-headed hydra bites you but does no damage.
The eight-headed hydra bites you!
You block the eight-headed hydra's attack.
The eight-headed hydra misses you.
The eight-headed hydra barely misses you.
Drink which item? (? for menu, Esc to quit)
Okay, then.
You puncture the eight-headed hydra! You burn the eight-headed hydra.
The eight-headed hydra is almost dead.
The eight-headed hydra bites you!
You die...

.♣♣ ♣♣...###.##..P# ♣♣
♣♣♣♣♣♣♣.♣##.#####..##
.♣ ♣♣♣♣♣♣......♣♣ ###
##.# .♣♣♣...♣.♣♣♣♣♣♣♣
##.## .....♣♣.♣♣ #...#
♣♣♣♣♣♣♣♣♣ ###..# ####
##...## # ##..# #...##
##. #.@# #P.P# P. ##D##
##..#### ##.###..#
#.#.P#.#
#...#..######.....####
#$.#...##...#..♣....#
#.............≈♣♣..##
#..#...#.#P..≈♣♣....#
#.##..#.###.≈≈≈≈♣...##
#P.....####..♣≈≈≈§§.#.#


You could see an eight-headed hydra.

Vanquished Creatures
  Erolcha (D:9)
  3 hydras
  The ghost of Tomstefer the Carver, a novice MiBe of Trog (D:10)
  Pikel (D:5)
  An elephant (Lair:4)
  A centaur zombie (D:10)
  2 black mambas
  An ice statue (D:8)
  8 spiny frogs
  2 rime drakes
  A kobold demonologist (D:11)
  6 komodo dragons
  A polar bear (Lair:4)
  Grinder (D:4)
  5 blink frogs (Lair:2)
  A two-headed ogre (D:11)
  Sigmund (D:3)
  A hill giant zombie (D:11)
  A wyvern (D:11)
  A vampire (D:12)
  26 yaks
  3 hippogriffs
  Eustachio (D:5)
  A basilisk (Lair:4)
  5 hungry ghosts
  Menkaure (D:4)
  3 vampire mosquitoes (D:12)
  3 insubstantial wisps (D:11)
  Duvessa (D:4)
  11 porcupines
  5 water moccasins
  2 orc warriors
  A black bear (Lair:4)
  3 ice beasts
  4 ogres
  A wasp (D:7)
  An eye of draining (D:10)
  4 phantoms
  4 slaves (D:5)
  5 centaurs
  11 crocodiles
  5 big kobolds
  A gnoll sergeant (D:10)
  12 giant frogs
  Dowan (D:4)
  9 killer bees
  2 troll zombies (D:11)
  5 wights (D:12)
  3 electric eels
  2 howler monkeys
  5 crimson imps
  A wasp zombie (D:7)
  A giant frog zombie (D:5)
  4 hounds
  2 centaur skeletons
  5 orc priests
  A gnoll shaman (D:4)
  2 jellies (D:6)
  3 giant frog skeletons
  4 orc wizards
  Ijyb (D:2)
  Natasha (thrice) (D:2)
  5 iguanas
  11 worker ants
  A sheep (Lair:4)
  5 ogre zombies (D:11)
  3 hound skeletons
  A worker ant zombie (D:5)
  Robin (D:2)
  12 adders
  28 river rats
  10 gnolls
  2 oozes (D:1)
  4 adder zombies
  4 worms
  4 dart slugs
  9 giant geckos
  17 orcs
  5 giant cockroaches
  24 goblins
  10 hobgoblins
  12 jackals
  19 kobolds
  3 quokkas
  4 ball pythons
  8 bats
  A giant gecko skeleton (D:4)
  6 giant newts
  3 goblin zombies (D:11)
  2 hobgoblin skeletons (D:11)
  7 hobgoblin zombies (D:11)
  2 orc skeletons (D:11)
  9 orc zombies (D:11)
  A quokka zombie (D:5)
  11 rats
  2 bushes (D:2)
454 creatures vanquished.

Vanquished Creatures (others)
  An orc wizard (D:11)
  An orc (D:11)
  10 fungi
  23 plants
35 creatures vanquished.

Grand Total: 489 creatures vanquished

Notes
Turn   | Place    | Note
--------------------------------------------------------------
     0 | D:1      | Karasique the Draconian Wanderer began the quest for the Orb.
     0 | D:1      | Karasique set off with: a +2 hand crossbow, 23 bolts, a +0 hand axe, a potion of lignification, a bread ration
     0 | D:1      | Reached XP level 1. HP: 23/23 MP: 1/1
    86 | D:1      | Reached XP level 2. HP: 22/29 MP: 2/2
   359 | D:1      | Reached XP level 3. HP: 32/36 MP: 3/3
   589 | D:2      | Reached skill level 1 in Short Blades
   784 | D:2      | Noticed Robin
   847 | D:2      | Killed Robin
   847 | D:2      | Reached XP level 4. HP: 32/42 MP: 4/4
  1387 | D:2      | Noticed Ijyb
  1411 | D:2      | Noticed Natasha
  1416 | D:2      | Killed Ijyb
  1416 | D:2      | Reached XP level 5. HP: 34/48 MP: 5/5
  1419 | D:2      | Killed Natasha
  1612 | D:2      | Noticed Natasha
  1618 | D:2      | Killed Natasha
  1768 | D:2      | Noticed Natasha
  1778 | D:2      | Killed Natasha
  2013 | D:3      | Noticed Sigmund
  2264 | D:3      | Reached XP level 6. HP: 40/56 MP: 6/6
  2433 | D:3      | Found a shadowy altar of Dithmenos.
  2896 | D:4      | Got a silken robe
  3041 | D:3      | Reached skill level 5 in Crossbows
  3279 | D:4      | Noticed Menkaure
  3311 | D:4      | Killed Menkaure
  3311 | D:4      | Your scales start taking on a golden yellow colour.
  3311 | D:4      | Reached XP level 7. HP: 19/61 MP: 7/7
  3589 | D:4      | Noticed Duvessa
  3689 | D:3      | Reached skill level 5 in Short Blades
  3755 | D:3      | Killed Sigmund
  3869 | D:4      | Killed Duvessa
  3869 | D:4      | Reached skill level 1 in Dodging
  3910 | D:4      | Noticed Dowan
  3914 | D:4      | Killed Dowan
  3968 | D:4      | Reached XP level 8. HP: 52/69 MP: 8/8
  4109 | D:4      | Noticed Grinder
  4110 | D:4      | Paralysed by Grinder for 6 turns
  4129 | D:4      | Killed Grinder
  4176 | D:4      | Found Quaw's Elemental Accessories.
  4214 | D:4      | Found an iron altar of Okawaru.
  4223 | D:4      | Became a worshipper of Warmaster Okawaru
  4465 | D:5      | Entered Level 5 of the Dungeon
  4506 | D:5      | Noticed Pikel
  4655 | D:5      | Killed Pikel
  4727 | D:5      | Reached * piety under Okawaru
  4809 | D:5      | Noticed Eustachio
  4836 | D:5      | Killed Eustachio
  4836 | D:5      | Reached skill level 5 in Dodging
  4836 | D:5      | Reached XP level 9. HP: 65/74 MP: 9/9
  5021 | D:5      | Found an oddly glowing altar of Pakellas.
  5207 | D:5      | Identified the cursed +1 robe "Hakkog" {-Tele rF+ rN+ Dex+7} (You found it on level 4 of the Dungeon)
  5458 | D:5      | Reached skill level 6 in Fighting
  5771 | D:6      | Found Nifiptid's Antique Weapon Emporium.
  5791 | D:6      | Bought a twisted dagger for 210 gold pieces
  5791 | D:6      | Identified the +10 dagger "Tehusyuz" {pierce, Dex+2 Stlth+} (You bought it in a shop on level 6 of the Dungeon)
  5817 | D:6      | Found a snail-covered altar of Cheibriados.
  5850 | D:6      | Found a glowing drain.
  5877 | Sewer    | Entered a sewer
  6278 | D:6      | Found Nic Fera's Weapon Emporium.
  6359 | D:6      | Found a shimmering altar of Xom.
  6360 | D:6      | Found a shimmering altar of Xom.
  6360 | D:6      | Found a shimmering altar of Xom.
  6362 | D:6      | Found a shimmering altar of Xom.
  6363 | D:6      | Found a shimmering altar of Xom.
  6364 | D:6      | Found a shimmering altar of Xom.
  6558 | D:6      | Found a staircase to the Ecumenical Temple.
  6894 | D:7      | Reached skill level 7 in Fighting
  6951 | D:7      | Reached ** piety under Okawaru
  7215 | D:7      | Found Weoliw's Armour Boutique.
  7329 | D:7      | Found a burning altar of Makhleb.
  7779 | D:8      | Reached skill level 8 in Fighting
  7779 | D:8      | Reached XP level 10. HP: 88/88 MP: 10/10
  7837 | D:8      | Noticed an ice statue
  8306 | D:8      | Killed an ice statue
  8365 | D:8      | Learned a level 2 spell: Song of Slaying
  8368 | D:8      | Learned a level 2 spell: Shroud of Golubria
  8436 | D:8      | Found a white marble altar of Elyvilon.
  8451 | D:8      | Found a radiant altar of Vehumet.
  8461 | D:8      | Found an ancient bone altar of Kikubaaqudgha.
  8477 | D:8      | Found a sacrificial altar of Ru.
  8511 | D:8      | Reached skill level 1 in Charms
  8511 | D:8      | Reached skill level 1 in Translocations
  8801 | D:9      | Reached *** piety under Okawaru
  8914 | D:9      | Noticed Erolcha
  8933 | D:9      | Killed Erolcha
  9114 | D:9      | Reached **** piety under Okawaru
  9460 | D:9      | Learned a level 3 spell: Regeneration
  9745 | D:9      | Found an opulent altar of Gozag.
  9746 | D:9      | Found a sparkling altar of Nemelex Xobeh.
  9855 | D:9      | Found a glowing silver altar of Zin.
 10057 | D:10     | Entered Level 10 of the Dungeon
 10112 | D:10     | Reached skill level 1 in Necromancy
 10112 | D:10     | Reached skill level 5 in Translocations
 10118 | D:10     | Noticed Tomstefer's ghost (novice MiBe)
 10140 | D:10     | Found a staircase to the Lair.
 10442 | D:10     | Received a gift from Okawaru
 10442 | D:10     | Reached skill level 5 in Charms
 10742 | D:10     | Reached XP level 11. HP: 94/94 MP: 7/11
 10932 | D:10     | Found a sparkling altar of Nemelex Xobeh.
 10961 | D:10     | Killed Tomstefer's ghost
 11510 | D:11     | Reached ***** piety under Okawaru
 11512 | D:11     | Noticed a seven-headed hydra
 11605 | D:11     | Found a staircase to the Orcish Mines.
 11861 | D:11     | Reached skill level 9 in Fighting
 12116 | D:12     | Received a gift from Okawaru
 12387 | D:12     | Found Naduw's Antique Weapon Shoppe.
 13264 | D:11     | Received a gift from Okawaru
 13290 | D:11     | Gained mutation: You are dopey. (Int -2) [potion of mutation]
 13290 | D:11     | Gained mutation: You have sharp fingernails. [potion of mutation]
 13290 | D:11     | Lost mutation: You have sharp fingernails. [potion of mutation]
 13937 | D:12     | Noticed a skeletal warrior
 14281 | Lair:1   | Entered Level 1 of the Lair of Beasts
 14290 | Lair:1   | Noticed a four-headed hydra
 14307 | Lair:1   | Killed a four-headed hydra
 14307 | Lair:1   | Reached skill level 1 in Invocations
 14447 | Lair:1   | Received a gift from Okawaru
 15196 | Lair:1   | Noticed a four-headed hydra
 15207 | Lair:1   | Killed a four-headed hydra
 15207 | Lair:1   | Reached skill level 10 in Fighting
 15705 | Lair:1   | Reached XP level 12. HP: 106/106 MP: 14/14
 17722 | Lair:3   | Reached skill level 5 in Invocations
 17860 | Lair:3   | Received a gift from Okawaru
 18722 | Lair:3   | Reached skill level 11 in Fighting
 19373 | Lair:4   | Noticed an eight-headed hydra
 19378 | Lair:4   | Received a gift from Okawaru
 19389 | Lair:4   | Killed an eight-headed hydra
 19389 | Lair:4   | Reached skill level 10 in Crossbows
 19420 | Lair:4   | Received a gift from Okawaru
 19431 | Lair:4   | Got a steaming rapier {god gift}
 19435 | Lair:4   | Identified the +7 rapier "Ultimatum" {flame, *Drain rPois Str+3 Stlth+} (Okawaru gifted it to you on level 4 of the Lair of Beasts)
 19707 | Lair:4   | Upgraded the game from 0.18-a0-1485-g189885c to 0.18-a0-1497-g788d838
 19945 | Lair:4   | Reached skill level 10 in Dodging
 19990 | Lair:4   | Found a staircase to the Swamp.
 20024 | Lair:4   | Noticed an eight-headed hydra
 20038 | Lair:4   | Slain by an eight-headed hydra

Vault maps used:
D:1:      dpeg_arrival_connections
D:2:      minmay_hedge_maze, uniq_iyjb, uniq_natasha, uniq_robin
D:3:      old_standard_altar, uniq_sigmund
D:4:      kennysheep_okawaru_gauntlet, nicolae_elemental_shop, uniq_duvessa,
          uniq_menkaure, uniq_grinder
D:5:      nicolae_overflow_crystal_walls, first_bread, uniq_eustachio,
          uniq_pikel
D:6:      xom_redecorated, cheibriados_altar_1, temple_statues,
          portal_sewer_entry_f, serial_shops,
          nicolae_shop_temple_entry_statues_fountains, shop
D:7:      serial_shops, nicolae_shop_crystal, grunt_ogre_cave,
          david_defended_altar_orc
D:8:      minmay_statue_hallways, grunt_temple_overflow_cloverleaf,
          minmay_misc_feat_encased, minmay_unpleasant_kobolds
D:9:      nicolae_overflow_hidden_temple, uniq_erolcha
D:10:     minmay_lair_entry_grove, nemelex_deck
D:11:     zombieorc2_lemuel, serial_shops, nicolae_shop_stone, pond
D:12:     serial_shops, nicolae_shop_crystal
Lair:1:   grunt_megastairs_2, infiniplex_staircase_pool
Lair:2:   serial_bayou_pond_d
Lair:4:   forest_paths, swamp_mist_pool, serial_bayou_lagoon_a
Sewer:    sewer_co_cracked_pipes

Skill      XL: |  1  2  3  4  5  6  7  8  9 10 11 12 |
---------------+-------------------------------------+-----
Crossbows      | 2 3 4 5 6 7 8 10 | 10.1
Short Blades   | 1 2 3 4 6 8 |  8.0
Dodging        | 2 5 7 8 10 | 10.0
Fighting       | 8 10 11 | 11.4
Charms         | 5 |  5.2
Translocations | 5 |  5.1
Necromancy     | 3 |  3.0
Invocations    | 2 6 |  6.5
Maces & Flails | |  1.0
Throwing       | |  1.0
Stealth        | |  1.0

Action                   |  1- 3 |  4- 6 |  7- 9 | 10-12 || total
-------------------------+-------+-------+-------+-------++-------
Melee: Hand axe          |    33 |       |       |       ||    33
       Dagger            |   129 |   281 |   399 |  1270 ||  2079
       Rapier            |       |       |       |    51 ||    51
 Fire: Hand crossbow     |     2 |     4 |     8 |   109 ||   123
 Cast: Song of Slaying   |       |       |       |    19 ||    19
       Shroud of Golubri |       |       |       |    14 ||    14
Invok: Heroism           |       |       |       |     2 ||     2
       Finesse           |       |       |       |     1 ||     1
 Abil: Spit Acid         |       |       |     9 |    33 ||    42
Evoke: Wand              |       |       |       |     1 ||     1
  Use: Scroll            |       |     6 |     8 |    10 ||    24
       Potion            |       |     1 |       |     2 ||     3
 Stab: Sleeping          |     1 |     2 |     6 |     7 ||    16
       Distracted        |       |       |     2 |     1 ||     3
  Eat: Chunk             |       |     8 |    13 |    20 ||    41
       Meat ration       |       |       |     1 |     5 ||     6
       Pizza             |       |       |       |     3 ||     3
       Royal jelly       |       |       |       |     1 ||     1
       Fruit             |       |       |       |     1 ||     1
